 Dungeon Crawl Stone Soup version 0.30-a0-567-gf7fd966b4a (webtiles) character file.

Game seed: 12478657943962942009

3248 zero the Geomancer (level 9, -4/56 HPs)
             Began as a Gargoyle Earth Elementalist on Dec 28, 2022.
             Slain by an orc warrior
             ... wielding a +0 battleaxe
              (9 damage)
             ... on level 7 of the Dungeon.
             The game lasted 00:09:43 (8860 turns).

zero the Geomancer (Gargoyle Earth Elementalist)    Turns: 8860, Time: 00:09:43

Health: -4/56      AC: 12    Str: 11    XL:     9   Next: 99%
Magic:  0/20       EV: 16    Int: 21    God:
Gold:   226        SH:  3    Dex: 10    Spells: 18/23 levels left

rFire   + + .      SeeInvis .    c - staff of cold
rCold   + . .      Faith    .    F - +0 buckler
rNeg    + + .      Spirit   .    i - +1 leather armour of Weak Birdsong {rF++ rN+}
rPois   ∞          Reflect  .    (no helmet)
rElec   +          Harm     .    u - +0 cloak
rCorr   .          Rampage  .    (no gloves)
Will    .....                    t - +0 pair of boots
Stlth   ++                       m - amulet of regeneration
HPRegen 1.09/turn                B - +5 ring of evasion
MPRegen 0.17/turn                D - ring of wizardry

@: no status effects
A: sickness immunity, AC +6, negative energy resistance 1, electricity
resistance, torment resistance 1, petrification resistance
a: no special abilities


You were on level 7 of the Dungeon.
You visited 2 branches of the dungeon, and saw 9 of its levels.

You collected 394 gold pieces.
You spent 168 gold pieces at shops.

Inventory:

Hand Weapons
 d - a +0 dagger of draining
Missiles
 s - 5 throwing nets
Armour
 a - a +0 robe
 i - the +1 leather armour of Weak Birdsong (worn) {rF++ rN+}
   (You bought it in a shop on level 2 of the Dungeon)

   rF:        It greatly protects you from fire.
   rN:        It protects you from negative energy.
 t - a +0 pair of boots (worn)
 u - a +0 cloak (worn)
 F - a +0 buckler (worn)
Magical Staves
 c - a staff of cold (weapon)
Jewellery
 m - an amulet of regeneration (around neck)
 B - a +5 ring of evasion (left hand)
 D - a ring of wizardry (right hand)
Wands
 n - a wand of paralysis (15)
Scrolls
 f - a scroll of poison
 g - 2 scrolls of blinking
 h - 7 scrolls of fear
 j - 6 scrolls of teleportation
 v - a scroll of butterflies
 y - a scroll of amnesia
 A - a scroll of magic mapping
Potions
 b - a potion of attraction
 e - a potion of lignification
 k - 2 potions of brilliance
 l - a potion of invisibility
 o - a potion of ambrosia {unknown}
 p - 3 potions of heal wounds
 q - 4 potions of mutation
 r - 2 potions of curing
 w - a potion of haste {unknown}
 x - a potion of degeneration {unknown}
 z - a potion of resistance {unknown}
 C - 2 potions of magic
 E - a potion of cancellation {unknown}


   Skills:
 + Level 6.9 Fighting
 - Level 1.5 Dodging
 - Level 2.1 Stealth
 * Level 7.8 Spellcasting
 + Level 6.5 Conjurations
 - Level 2.0 Translocations
 - Level 0.7 Transmutations
 - Level 8.0 Earth Magic


You had 18 spell levels left.
You knew the following spells:

 Your Spells              Type           Power      Damage    Failure   Level
a - Sandblast             Erth           82%        2d17      1%          1
b - Stone Arrow           Conj/Erth      76%        3d11      1%          3
g - Apportation           Tloc           32%        N/A       2%          1

Your spell library contained the following spells:

 Spells                   Type           Power      Damage    Failure   Level
 Passwall                 Tmut/Erth      21%        N/A       1%          2
 Necrotise                Necr           32%        1d5       6%          1
 Summon Small Mammal      Summ           32%        N/A       6%          1
 Gell's Gravitas          Tloc           16%        N/A       9%          3
 Teleport Other           Tloc           16%        N/A       9%          3
 Petrify                  Tmut/Erth      26%        N/A       11%         4
 Summon Guardian Golem    Hex/Summ       8%         N/A       17%         3
 Orb of Destruction       Conj           17%        9d7       96%         7
 Dispersal                Tloc           8%         N/A       98%         6
 Malign Gateway           Summ/Tloc      6%         N/A       100%        7
 Spellforged Servitor     Conj/Summ      10%        N/A       100%        7
 Summon Horrible Things   Summ           4%         N/A       100%        8


Dungeon Overview and Level Annotations

Branches:
Dungeon (8/15)             Temple (1/1) D:6
   Lair: D:8-11

Altars:
Ashenzari
Cheibriados
Dithmenos
Elyvilon
Gozag
Hepliaklqana
Kikubaaqudgha
Makhleb
Okawaru
Qazlal
Ru
Sif Muna
Trog
Uskayaw
Wu Jian
Xom
Yredelemnul
Zin
The Shining One

Shops:
D:2 [   D:5 :

Annotations:
D:7 2 transporters, Sapher's ghost, novice DEEE


Innate Abilities, Weirdness & Mutations

You are immune to sickness and miasma.
Your stone body is resilient. (AC +6)
You are immune to poison.
You resist negative energy. (rN+)
You are resistant to electric shocks. (rElec)
You are resistant to unholy torment.
You are immune to petrification.


Message History

The stone arrow misses the orc warrior.
The stone arrow hits the orc warrior!
The orc warrior is almost dead.
The orc warrior misses you.
Casting: Stone Arrow (safe; 1% risk of failure)
Confirm with . or Enter, or press ? or * to list all spells.
Aiming: Stone Arrow (safe; 1% risk of failure)
Press: ? - help, Shift-Dir - straight line, f/p - orc warrior
Aim: an orc warrior, wielding a +0 dire flail and wearing a +0 chain mail (almost dead, 71% to hit)
The stone arrow hits the orc warrior!
You kill the orc warrior!
Casting: Stone Arrow (safe; 1% risk of failure)
Confirm with . or Enter, or press ? or * to list all spells.
You don't have enough magic to cast this spell.
Unknown command.
Casting: Stone Arrow (safe; 1% risk of failure)
Confirm with . or Enter, or press ? or * to list all spells.
You don't have enough magic to cast this spell.
Unknown command.
Casting: Stone Arrow (safe; 1% risk of failure)
Confirm with . or Enter, or press ? or * to list all spells.
You don't know that spell.
Aiming: Paralyse
Press: ? - help, Shift-Dir - straight line, f - orc warrior
Aim: an orc warrior, wielding a +0 battleaxe and wearing a +0 plate armour (almost dead, chance to affect: 49%)
The orc warrior resists with some effort.
The orc warrior hits you with a +0 battleaxe!
* * * LOW HITPOINT WARNING * * *
The orc warrior attacks as you move away!
The orc warrior hits you with a +0 battleaxe!
* * * LOW HITPOINT WARNING * * *
The orc warrior attacks as you move away!
The orc warrior barely misses you.
Casting: Stone Arrow (safe; 1% risk of failure)
Confirm with . or Enter, or press ? or * to list all spells.
Aiming: Sandblast (safe; 1% risk of failure)
Press: ? - help, Shift-Dir - straight line, f/p - orc warrior
Aim: an orc warrior, wielding a +0 battleaxe and wearing a +0 plate armour (almost dead, 85% to hit)
The blast of sand misses the orc warrior.
The orc warrior hits you with a +0 battleaxe!
You die...

##### ### ########
##...## ##.##
#......#
##.....####.#.##
#.####.#
######..>....)..###.#
#.......
........)....###o#>##
#..###.#
####....)....# ##@###
#..# #.#
#.....)....## #...#
####..###.#
##...#...#.)# ###.#
#.........#
##.#######.#####.#
#.##..##### #.#
#.......# #.##...##
#.# #.####..#
#.#.....# ##'## #.#
#..# #.......#
##...## ##.## #..#
#(......#
##.....####...###..#
#......##


You could see an orc warrior.

Vanquished Creatures
  Maggie (D:7)
  A yak (D:8)
  A steam dragon (D:8)
  An orc warrior (D:7)
  2 ice beasts
  2 ogres
  A centaur (D:7)
  2 phantoms
  A bullfrog (D:7)
  3 necrophages
  3 scorpions
  2 gnoll sergeants (D:7)
  4 wights
  9 killer bees
  2 jellies
  4 hounds
  3 orc priests
  Crazy Yiuf (D:2)
  2 gnoll boudas
  3 iguanas
  An orc wizard (D:6)
  25 gnolls
  6 adders
  A white imp (D:7)
  A worm (D:2)
  2 dart slugs
  18 orcs
  4 endoplasms
  A giant cockroach (D:1)
  11 goblins
  11 hobgoblins
  10 jackals
  8 kobolds
  3 quokkas
  4 ball pythons
  7 bats
  4 frilled lizards
  6 rats
171 creatures vanquished.

Vanquished Creatures (others)
  A gnoll (D:8)
  6 fungi (D:8)
  10 plants (D:8)
17 creatures vanquished.

Grand Total: 188 creatures vanquished

Notes
Turn   | Place    | Note
-------+----------+-------------------------------------------
     0 | D:1      | zero the Gargoyle Earth Elementalist began the quest for
                  | the Orb.
     0 | D:1      | Reached XP level 1. HP: 10/10 MP: 3/3
   131 | D:1      | Reached skill level 1 in Fighting
   169 | D:1      | Reached XP level 2. HP: 16/16 MP: 3/5
   866 | D:2      | Reached skill level 4 in Earth Magic
   872 | D:2      | Reached XP level 3. HP: 21/21 MP: 1/6
   941 | D:2      | Found Fain Nua's Antique Armour Shop.
  1181 | D:2      | Found a faded altar of an unknown god.
  1254 | D:2      | Found a runed translucent door.
  1255 | D:2      | Noticed Crazy Yiuf
  1505 | D:2      | Reached XP level 4. HP: 27/27 MP: 5/7
  1509 | D:2      | Learned a level 3 spell: Stone Arrow
  1689 | D:2      | Found a shimmering blue altar of Sif Muna.
  2374 | D:2      | Killed Crazy Yiuf
  2588 | D:3      | You fall into a shaft and drop 3 floors!
  2709 | D:6      | Reached skill level 1 in Conjurations
  2709 | D:6      | Reached XP level 5. HP: 32/32 MP: 6/9
  2734 | D:5      | Entered Level 5 of the Dungeon
  2789 | D:3      | HP: 1/32 [gnoll bouda/+0 whip (5)]
  3331 | D:3      | Found a glowing golden altar of the Shining One.
  3360 | D:3      | Reached XP level 6. HP: 38/38 MP: 7/10
  3407 | D:3      | Reached skill level 5 in Earth Magic
  3822 | D:4      | Found a sacrificial altar of Ru.
  4022 | D:4      | Reached XP level 7. HP: 18/43 MP: 7/12
  4836 | D:4      | Found a shadowy altar of Dithmenos.
  4956 | D:4      | Learned a level 1 spell: Apportation
  4961 | D:4      | Learned a level 1 spell: Sandblast
  5078 | D:2      | Bought a fading leather armour for 168 gold pieces
  5078 | D:2      | Identified the +1 leather armour of Weak Birdsong {rF++
                  | rN+} (You bought it in a shop on level 2 of the Dungeon)
  5136 | D:5      | Found a burning altar of Makhleb.
  5254 | D:5      | Found Foup's Book Boutique.
  5288 | D:5      | Found a shimmering altar of Xom.
  5609 | D:5      | Reached skill level 6 in Earth Magic
  6158 | D:6      | Reached XP level 8. HP: 48/48 MP: 9/15
  6246 | D:6      | Found a staircase to the Ecumenical Temple.
  6254 | Temple   | Entered the Ecumenical Temple
  6254 | Temple   | Found a transporter.
  6254 | Temple   | Found a transporter.
  6256 | Temple   | Found a transporter.
  6256 | Temple   | Found a transporter.
  6491 | D:6      | Reached skill level 5 in Spellcasting
  6558 | D:6      | Reached skill level 5 in Fighting
  6898 | D:6      | Found an iron altar of Okawaru.
  7071 | D:7      | Found a stormy altar of Qazlal.
  7331 | D:7      | Reached skill level 7 in Earth Magic
  7395 | D:7      | Reached skill level 5 in Conjurations
  7602 | D:7      | Reached XP level 9. HP: 55/55 MP: 15/18
  7945 | D:7      | Found a hazy altar of Hepliaklqana.
  8109 | D:7      | Found a bloodstained altar of Trog.
  8109 | D:7      | Noticed Sapher's ghost (novice DEEE)
  8113 | D:7      | Noticed Maggie
  8124 | D:7      | Killed Maggie
  8125 | D:7      | Reached skill level 1 in Translocations
  8237 | D:7      | Noticed a troll
  8241 | D:7      | Noticed a moth of wrath
  8344 | D:7      | Found a transporter.
  8352 | D:7      | Found a transporter.
  8723 | D:8      | Reached skill level 8 in Earth Magic
  8858 | D:7      | HP: 1/56 [orc warrior/+0 battleaxe (11)]
  8860 | D:7      | Slain by an orc warrior

Illustrated notes

Levels and vault maps discovered:
D:1:      reono_arrival_mine, layout_rooms, serial_bayou_crossing
D:2:      minmay_inner_zag, layout_loops_ring,
          shapermc_ecumenical_altar_totnotflames, basic_altar, serial_shops,
          nicolae_shop_statue_plus, uniq_crazy_yiuf_cottage
D:3:      layout_basic, mainiacjoe_overflow_catwalk,
          chequers_serial_rivers_micro_c
D:4:      layout_layer_cave, nicolae_dithmenos_through_a_glass_darkly,
          amcnicky_altar_gilded, dk_vineyard_1
D:5:      layout_basic, mainiacjoe_overflow_brackets, mainiacjoe_overflow_paths,
          serial_shops, nicolae_shop_waterfront
D:6:      layout_loops_ring, okawaru_altar_gauntlet_db,
          minmay_temple_entry_wispy
D:7:      layout_loops_corners, nicolae_overflow_crystal_walls,
          mainiacjoe_overflow_24_doors, gammafunk_ghost_wrathful_warriors,
          uniq_maggie
D:8:      layout_rooms, fedhas_altar_fruit_tree, nicolae_vehumet_radiance,
          grunt_lair_entry_orc_guard_hut, serial_shops, shop,
          chequers_serial_rivers_small_b
Temple:   hellmonk_temple_divided_pantheon

Skill      XL: |  1  2  3  4  5  6  7  8  9 |
---------------+----------------------------+-----
Fighting       | 1 2 3 4 5 6 |  6.9
Earth Magic    | 4 5 6 7 8 |  8.0
Conjurations   | 1 3 5 6 |  6.5
Spellcasting   | 3 4 6 7 |  7.8
Translocations | 2 |  2.0
Dodging        | |  1.5
Stealth        | |  2.1
Transmutations | |  0.7

Action                   |  1- 3 |  4- 6 |  7- 9 || total
-------------------------+-------+-------+-------++-------
Melee: Unarmed           |    11 |       |       ||    11
       Dagger            |    21 |    88 |     1 ||   110
       Punch             |       |     1 |     1 ||     2
       Staff             |       |       |    27 ||    27
 Cast: Sandblast         |    41 |    81 |   161 ||   283
       Stone Arrow       |       |     7 |    26 ||    33
Evoke: Wand              |       |       |     1 ||     1
  Use: Scroll            |       |     7 |    11 ||    18
       Potion            |       |     1 |       ||     1
Armor: Robe              |    21 |    56 |     3 ||    80
       Leather armour    |       |       |    61 ||    61
Dodge: Dodged            |    50 |    99 |   137 ||   286
Block: Buckler           |       |       |     5 ||     5
       Kite shield       |       |       |     3 ||     3

Table legend: (Time is in decaauts)
 A = Elapsed time spent in this place.
 B = Non-inter-level travel time spent in this place.
 C = Inter-level travel time spent in this place.
 D = Time resting spent in this place.
 E = Time spent auto-exploring this place.
 F = Levels seen in this place.
 G = Mean time per level.
                   A        B        C        D        E       F      G
               +--------+--------+--------+--------+--------+-----+--------+
         Total |   9022 |   8474 |    548 |   1323 |   5824 |   9 | 1002.4 |
       Dungeon |   8982 |   8444 |    538 |   1323 |   5818 |   8 | 1122.8 |
        Temple |     40 |     30 |     10 |      0 |      6 |   1 |   40.0 |
               +--------+--------+--------+--------+--------+-----+--------+

Top non-repeatable levels by time:
     D:2: 1752 daAuts
     D:6: 1519 daAuts
     D:4: 1439 daAuts
     D:7: 1258 daAuts
     D:5: 993 daAuts
     D:3: 971 daAuts
     D:1: 864 daAuts
     D:8: 184 daAuts
  Temple: 40 daAuts
